 Dungeon Crawl Stone Soup version 0.31.0 (webtiles) character file.

Game seed: 13537207367941178689

114 qw the Shooter (level 4, 0/28 HPs)
             Began as a Gargoyle Hunter on Jan 19, 2024.
             Slain by a gnoll
             ... wielding a +0 spear
              (4 damage)
             ... on level 3 of the Dungeon.
             The game lasted 00:00:05 (1600 turns).

qw the Shooter (Gargoyle Hunter)                    Turns: 1600, Time: 00:00:06

Health: 0/28       AC:  8    Str: 15    XL:     4   Next: 98%
Magic:  4/4        EV: 11    Int:  9    God:
Gold:   60         SH:  0    Dex: 15    Spells: 3/3 levels left

rFire   . . .        a - +0 shortbow
rCold   . . .        (shield currently unavailable)
rNeg    + . .        h - +0 ring mail
rPois   inf          (no helmet)
rElec   +            (no cloak)
rCorr   +            (no gloves)
SInv    .            (no boots)
Will    .....        (no amulet)
Stlth   +            g - ring of resist corrosion
HPRegen 0.24/turn    (no ring)
MPRegen 0.09/turn

%: no passive effects
@: no status effects
A: sickness immunity, AC +3, negative energy resistance 1, electricity
resistance, torment resistance 1, petrification resistance
a: no special abilities


You were on level 3 of the Dungeon.
You visited 1 branch of the dungeon, and saw 3 of its levels.

You collected 60 gold pieces.


Innate Abilities, Weirdness & Mutations

You are immune to sickness and miasma.
Your stone body is resilient. (AC +3)
You are immune to poison.
You resist negative energy. (rN+)
You are resistant to electric shocks. (rElec)
You are resistant to unholy torment.
You are immune to petrification.


   Skills:
 - Level 3.2 Fighting
 + Level 5.5 Ranged Weapons
 - Level 1.0 Armour
 - Level 1.5 Dodging
 - Level 1.1 Stealth


You had 3 spell levels left.
You didn't know any spells.
Your spell library was empty.

Inventory:

Hand Weapons
 a - a +0 shortbow (weapon)
Armour
 h - a +0 ring mail (worn)
Jewellery
 g - a ring of resist corrosion (left hand)
Scrolls
 c - a scroll of teleportation {unknown}
Potions
 b - a potion of haste
 d - a potion of curing {unknown}
 e - a potion of magic {unknown}
 f - a potion of might {unknown}

Dungeon Overview and Level Annotations

Branches:
Dungeon (3/15)

Altars:


Message History

A gnoll comes into view. It is wielding a +0 spear.
1587 ||| RETREEEEATING.
1588 ||| RETREEEEATING.
The gnoll attacks as it pursues you! The gnoll hits you but does no damage.
You shoot an arrow. The arrow hits the gnoll.
You kill the gnoll!
You shoot an arrow. The arrow hits the gnoll.
The gnoll is moderately wounded.
You shoot an arrow. The arrow barely misses the gnoll.
The gnoll barely misses you.
You shoot an arrow. The arrow barely misses the gnoll.
A kobold comes into view. It is wielding a +0 whip.
The gnoll hits you with a +0 club.
You shoot an arrow. The arrow hits the gnoll.
The gnoll is heavily wounded.
The gnoll hits you with a +0 club. The gnoll misses you.
The gnoll hits you with a +0 club.
You shoot an arrow.
The arrow hits the gnoll but does no damage.
The gnoll is heavily wounded.
The gnoll hits you from afar with a +0 spear.
The gnoll hits you but does no damage.
You shoot an arrow. The arrow hits the gnoll!
You kill the gnoll!
The gnoll hits you but does no damage.
You shoot an arrow. The arrow barely misses the gnoll.
The gnoll hits you from afar with a +0 spear. x2
You shoot an arrow. The arrow hits the kobold.
The kobold is moderately wounded.
The kobold hits you but does no damage. The gnoll hits you but does no damage.
You shoot an arrow. The arrow closely misses the kobold.
The kobold misses you.
The gnoll hits you from afar with a +0 spear.
You shoot an arrow. The arrow closely misses the kobold.
The kobold hits you with a +0 whip. The gnoll barely misses you.
You shoot an arrow. The arrow hits the kobold.
You kill the kobold!
The gnoll barely misses you.
The gnoll hits you from afar with a +0 spear.
You die...

####........[.<#
.......#+#.###.###
.............#.#
#....#.....#.#.#
#....#.....#.#.#
.....>.....#...#
......#...#######
......).........#
.......@........#
.......)........#
......g..$......#
................#
#####.#.........#
#.#%........#
............#
..)..).####..#
........# P.7


You could see a gnoll.

Vanquished Creatures
  3 gnolls (D:3)
  4 adders (D:2)
  3 dart slugs (D:1)
  An orc (D:2)
  2 ball pythons (D:2)
  An endoplasm (D:1)
  A giant cockroach (D:1)
  6 goblins
  3 hobgoblins
  3 jackals
  4 kobolds
  5 quokkas
  2 bats (D:1)
  5 rats
43 creatures vanquished.

Notes
Turn   | Place    | Note
-------+----------+-------------------------------------------
     0 | D:1      | qw the Gargoyle Hunter began the quest for the Orb.
     0 | D:1      | Reached XP level 1. HP: 12/12 MP: 1/1
     0 | D:1      | 0 ||| qw: Version: 0.3-a-132-g3d54051
     0 | D:1      | 0 ||| qw: Game counter: 416
     0 | D:1      | 0 ||| qw: Melee chars always use a shield: true
     0 | D:1      | 0 ||| qw: God list: Okawaru
     0 | D:1      | 0 ||| qw: Allow faded altars: false
     0 | D:1      | 0 ||| qw: Do Orc after clearing Dungeon:15 true
     0 | D:1      | 0 ||| qw: Do second Lair branch before Depths: true
     0 | D:1      | 0 ||| qw: Lair rune preference: random
     0 | D:1      | 0 ||| qw: Goals: Normal
     0 | D:1      | 0 ||| PLANNING D:1-11
     9 | D:1      | 9 ||| DROPPING scroll of butterflies.
   114 | D:1      | Reached XP level 2. HP: 17/17 MP: 2/2
   663 | D:1      | 663 ||| UPGRADING to ring of resist corrosion.
   664 | D:1      | 664 ||| READING scroll labelled JACIOM KAOBLIC.
   665 | D:1      | 665 ||| READING scroll labelled BAIDED TOECRONU.
   703 | D:2      | 703 ||| STAIRDANCE
   710 | D:1      | Reached XP level 3. HP: 20/21 MP: 3/3
   714 | D:2      | 714 ||| STAIRDANCE
   722 | D:2      | Reached skill level 5 in Ranged Weapons
   859 | D:2      | HP: 5/22 [kobold/+1 short sword of protection (3)]
   861 | D:2      | 861 ||| FLEEEEING.
   972 | D:2      | Reached skill level 3 in Fighting
   973 | D:2      | Reached XP level 4. HP: 28/28 MP: 4/4
  1052 | D:2      | 1052 ||| FLEEEEING.
  1527 | D:2      | 1527 ||| UPGRADING to +0 ring mail.
  1537 | D:2      | 1537 ||| DROPPING +0 leather armour.
  1538 | D:2      | 1538 ||| READING scroll labelled ILUAXO XEATEF.
  1538 | D:2      | 1538 ||| IDENTIFYING fuming puce potion
  1586 | D:3      | Reached skill level 1 in Armour
  1587 | D:3      | 1587 ||| RETREEEEATING.
  1588 | D:3      | 1588 ||| RETREEEEATING.
  1598 | D:3      | HP: 7/28 [gnoll/+0 spear (4)]
  1600 | D:3      | Slain by a gnoll

Levels and vault maps discovered:
D:1:      minmay_arrival_glassed_features, layout_loops_ring
D:2:      layout_loops_ring, minmay_pentomino_o4
D:3:      layout_basic, shapermc_ecumenical_altar_mp_urbaneastern,
          serial_forest, infiniplex_forest_corner_1,
          infiniplex_forest_clump_long, infiniplex_forest_clump_medium,
          infiniplex_forest_clump_small, infiniplex_forest_lined_3,
          infiniplex_forest_end_1, infiniplex_forest_lined_3_way

Skill      XL: |  1  2  3  4 |
---------------+-------------+-----
Ranged Weapons | 5 |  5.5
Fighting       | 3 |  3.2
Armour         | 1 |  1.0
Dodging        | |  1.5
Stealth        | |  1.1

Action                     |  1- 3 |  4- 6 || total
---------------------------+-------+-------++-------
   Fire: Shortbow          |   106 |    69 ||   175
    Use: Scroll            |     2 |     1 ||     3
 Armour: Leather armour    |    30 |    32 ||    62
         Ring mail         |       |    14 ||    14
  Dodge: Dodged            |    31 |    41 ||    72

Table legend:
 A = Non-vault XP
 B = Vault XP
 C = Vault XP percentage of total XP
 D = Non-vault monster count
 E = Vault monster count
 F = Vault count percentage of total count
                 A         B        C        D         E       F
            +---------+---------+-------+---------+---------+-------
      Total |     160 |       5 |   3.0 |      41 |       2 |   4.7
            +---------+---------+-------+---------+---------+-------
        D:1 |      37 |       0 |   0.0 |      17 |       0 |   0.0
        D:2 |      76 |       5 |   6.2 |      18 |       2 |  10.0
        D:3 |      47 |       0 |   0.0 |       6 |       0 |   0.0
            +---------+---------+-------+---------+---------+-------
